 Dungeon Crawl Stone Soup version 0.27.1-1-g398f81649c (webtiles) character file.

Game seed: 12724956777149058289

77 acemry the Stinger (level 4, -2/28 HPs)
             Began as an Octopode Transmuter on Sept 7, 2021.
             Frozen to death by an endoplasm (5 damage)
             ... on level 2 of the Dungeon.
             The game lasted 00:03:21 (1098 turns).

acemry the Stinger (Octopode Transmuter)            Turns: 1098, Time: 00:03:21

Health: -2/28      AC:  6    Str:  9    XL:     4   Next: 34%
Magic:  3/7        EV: 19    Int: 16    God:
Gold:   92         SH:  0    Dex: 17    Spells: 3/7 levels left

rFire    . . .     SeeInvis .     - Unarmed
rCold    . . .     Faith    .   (shield currently unavailable)
rNeg     . . .     Spirit   .   (helmet currently unavailable)
rPois    x         Reflect  .   (no amulet)
rElec    .         Harm     .   d - +4 ring of protection
rCorr    .         Rampage  .   (no ring)
Will     .....                  (no ring)
Stlth    ++........             (no ring)
HPRegen  0.09/turn              (no ring)
MPRegen  0.10/turn              (no ring)
                                (no ring)
                                (no ring)

@: spider-form
A: venomous fangs, almost no armour, (amphibious), 8 rings, tiny, (camouflage
1), (gelatinous body 1), (nimble swimmer 1), (tentacles)
a: End Transformation


You were on level 2 of the Dungeon.
You were a venomous arachnid creature.
You visited 1 branch of the dungeon, and saw 2 of its levels.

You collected 92 gold pieces.

Inventory:

Magical Staves
 b - a staff of conjuration
Jewellery
 d - a +4 ring of protection (left front leg)
Scrolls
 a - a scroll of fear {unknown}
Potions
 c - a potion of lignification {unknown}


   Skills:
 - Level 1.0 Fighting
 - Level 2.0 Dodging
 - Level 3.0 Unarmed Combat
 - Level 2.0 Spellcasting
 - Level 2.5 Transmutations
 + Level 4.1 Poison Magic


You had 3 spell levels left.
You knew the following spells:

 Your Spells              Type           Power      Damage    Failure   Level
a - Beastly Appendage     Tmut           18%        N/A       21%         1
b - Spider Form           Tmut/Pois      6%         N/A       34%         3

Your spell library contained the following spells:

 Spells                   Type           Power      Damage    Failure   Level
 Wereblood                Tmut           9%         N/A       26%         2
 Ice Form                 Ice/Tmut       5%         N/A       90%         4


Dungeon Overview and Level Annotations

Branches:
Dungeon (2/15)

Altars:

Shops:
D:1 :


Innate Abilities, Weirdness & Mutations

You are a venomous arachnid creature.
You have poisonous fangs.
You are tiny and dextrous.
Your spellcasting is less reliable in this form.
Your armour is entirely melded.
You are incapable of wielding weapons or throwing items.
You cannot wear most types of armour.
((You are amphibious.))
You can wear up to eight rings at the same time.
((Your skin changes colour to match your surroundings (Stealth+).))
((Your rubbery body absorbs attacks. (AC +1, EV +1)))
((You are camouflaged near water. (Stealth+)))
((You have tentacles for arms and can constrict up to eight enemies at once.))


Message History

Terence hits you but does no damage.
You tentacle-slap Terence.
You pierce Terence, but do no damage.
You tentacle-slap Terence.
Terence is severely wounded.
You constrict Terence, but do no damage.
Terence hits you with a +0 short sword.
You tentacle-slap Terence but do no damage.
Terence is severely wounded.
You constrict Terence, but do no damage.
Terence hits you with a +0 short sword.
* * * LOW HITPOINT WARNING * * *
You tentacle-slap Terence.
Terence is severely wounded.
You constrict Terence, but do no damage.
Terence hits you with a +0 short sword.
* * * LOW HITPOINT WARNING * * *
You tentacle-slap Terence.
Terence is almost dead.
You constrict Terence, but do no damage.
Terence closely misses you.
You tentacle-slap Terence.
You kill Terence!
Your Poison Magic skill increases to level 4!
You have reached level 4!
Okay, then.
Casting: Beastly Appendage (safe; 8% risk of failure)
Confirm with . or Enter, or press ? or * to list all spells.
The spell is quite dangerous to cast (16% risk of failure)!
Continue anyway?
Your tentacle spike disappears.
You turn into a venomous arachnid creature.
The frilled lizard misses you.
You hit the frilled lizard.
You kill the frilled lizard!
You hit the endoplasm but do no damage.
The endoplasm is poisoned.
The endoplasm misses you.
You hit the endoplasm.
The endoplasm is moderately wounded.
The endoplasm freezes you.
You are frozen.
You die...

. .. .J. .... .....
......### ######
........####....####
......#†Js.........##
..... ######....##..#
#.## #..#.####.### #
....##.# #...# #..###
#.# ##.(## ..
#####.###...# #
............#
##.........#
.####.....[.###


You could see an endoplasm (very poisoned).

Vanquished Creatures
  Terence (D:2)
  2 adders (D:2)
  A dart slug (D:1)
  2 ball pythons (D:2)
  An endoplasm (D:1)
  3 giant cockroaches
  2 hobgoblins (D:1)
  3 jackals (D:1)
  A quokka (D:1)
  6 bats
  6 frilled lizards
  5 kobolds
  A rat (D:1)
34 creatures vanquished.

Notes
Turn   | Place    | Note
-------+----------+-------------------------------------------
     0 | D:1      | acemry the Octopode Transmuter began the quest for the Orb.
     0 | D:1      | Reached XP level 1. HP: 13/13 MP: 3/3
   117 | D:1      | Reached skill level 1 in Poison Magic
   125 | D:1      | Reached XP level 2. HP: 13/18 MP: 3/5
   367 | D:1      | Found a faded altar of an unknown god.
   506 | D:1      | Reached skill level 2 in Poison Magic
   620 | D:1      | Found Ragezadd's Book Shop.
   723 | D:1      | Reached XP level 3. HP: 21/23 MP: 6/6
   825 | D:1      | Learned a level 3 spell: Spider Form
  1021 | D:2      | Reached skill level 3 in Poison Magic
  1068 | D:2      | Noticed Terence
  1094 | D:2      | Killed Terence
  1095 | D:2      | Reached skill level 4 in Poison Magic
  1095 | D:2      | Reached XP level 4. HP: 3/28 MP: 5/7
  1098 | D:2      | Frozen to death by an endoplasm

Illustrated notes

Levels and vault maps discovered:
D:1:      dpeg_arrival_rooms_with_view, layout_basic, serial_shops, shop,
          ebering_ecumenical_altar_petrified, minmay_misc_feat_five,
          chequers_serial_rivers_micro_d
D:2:      layout_rooms, minmay_tiny_reverse_x, uniq_robin, uniq_terence

Skill      XL: |  1  2  3 |
---------------+----------+-----
Poison Magic   | 1 2 4 |  4.1
Fighting       | |  1.0
Dodging        | |  2.0
Unarmed Combat | |  3.0
Spellcasting   | |  2.0
Transmutations | |  2.5

Action                   |  1- 3 |  4- 6 || total
-------------------------+-------+-------++-------
Melee: Unarmed           |    78 |     3 ||    81
       Constrict         |    23 |       ||    23
       Kick              |    14 |       ||    14
       Tentacles         |    13 |       ||    13
       Punch             |     1 |       ||     1
 Cast: Beastly Appendage |    26 |       ||    26
       Spider Form       |       |     1 ||     1
 Stab: Sleeping          |     5 |       ||     5
Armor: Skin              |    14 |       ||    14
Dodge: Dodged            |    50 |     2 ||    52
